[Event "Titled Tuesday Blitz October 31 Early 2023"]
[White "Joshi, Pankaj"]
[Black "Dishman, Stephen"]
[WhiteFideId "5006210"]
[BlackFideId "403024"]
[WhiteElo "2180"]
[BlackElo "2341"]
[Result "1-0"]
[Round "6"]
[TimeControl "180+1"]
[Date "2023.10.31"]
[WhiteClock "0:00:07"]
[BlackClock "0:00:11"]
[Board "146"]

1. e4 c5 2. Nf3 g6 3. d4 cxd4 4. Nxd4 Nc6 5. Nc3 Bg7 6. Nde2 Nf6 7. g3 b5 8. Bg2 b4 9. Nd5 Rb8 10. Bf4 d6 11. O-O O-O 12. Qd2 Ba6 13. Rfe1 Re8 14. Rad1 Bxe2 15. Qxe2 Nd7 16. b3 Qa5 17. Qc4 Nde5 18. Qe2 Qxa2 19. Kh1 Nd7 20. e5 Ndxe5 21. Ra1 Qb2 22. Be3 Nd7 23. Rab1 Qa2 24. Qc4 Rec8 25. Qxc6 Rxc6 26. Nxe7+ Kf8 27. Nxc6 Rc8 28. Bf4 Ne5 29. Nxb4 Qa5 30. Nd5 Qc5 31. c4 Nd3 32. Be3 Qc6 33. Red1 Ne5 34. Ne7 Qd7 35. Nxc8 Qxc8 36. Rxd6 Ng4 37. Rbd1 Bf6 38. Bd4 Bxd4 39. R1xd4 Kg7 40. h3 Nf6 41. Bf3 Qf5 42. Kg2 Qc2 43. Rf4 Ng8 44. Rd7 Nh6 45. Bd5 Qxb3 46. Bxf7 Nxf7 47. Rfxf7+ Kh6 48. h4 g5 49. Rd6+ Kh5 50. Rxh7+ Kg4 51. Rd4+ Kf5 52. Rd5+ Ke6 53. Rh6+ Ke7 54. Rxg5 Qxc4 55. Rg7+ Kf8 56. Rxa7 Qd5+ 57. Kh2 Qf3 58. Rh8# 1-0


[Site "https://www.chess.com"]

[Event "Titled Tuesday Blitz October 31 Early 2023"]
[White "Barbot, Pierre"]
[Black "knightinshiningarmour16"]
[WhiteFideId "663727"]
[WhiteElo "2339"]
[BlackElo "2171"]
[Result "1-0"]
[Round "6"]
[TimeControl "180+1"]
[Date "2023.10.31"]
[WhiteClock "0:02:04"]
[BlackClock "0:02:07"]
[Board "147"]

1. e4 c6 2. d4 d5 3. e5 Bf5 4. h4 h5 5. Bd3 Bxd3 6. Qxd3 e6 7. Bg5 Be7 8. Nf3 Qb6 9. Nbd2 Qxb2 10. Rb1 Qxa2 11. Rxb7 Qa6 12. Rxb8+ Rxb8 13. Qxa6 1-0


[Site "https://www.chess.com"]

[Event "Titled Tuesday Blitz October 31 Early 2023"]
[White "Mesa Cruz, Juan Carlos"]
[Black "Tarnowska, Aleksandra"]
[WhiteFideId "6423400"]
[BlackFideId "1180967"]
[WhiteElo "2320"]
[BlackElo "2150"]
[Result "0-1"]
[Round "6"]
[TimeControl "180+1"]
[Date "2023.10.31"]
[WhiteClock "0:00:00"]
[BlackClock "0:00:09"]
[Board "148"]

1. e4 c5 2. Nf3 e6 3. g3 d6 4. Bg2 Nc6 5. O-O Nf6 6. Re1 Be7 7. c3 d5 8. e5 Nd7 9. d4 Qb6 10. h4 O-O 11. h5 cxd4 12. cxd4 Re8 13. Nc3 Qa5 14. a3 b5 15. Bd2 Qb6 16. Ne2 a5 17. Rc1 Ba6 18. Bg5 b4 19. a4 Bxg5 20. Nxg5 Bxe2 21. Rxe2 Nxd4 22. Rd2 Nf5 23. g4 Nh6 24. Qc2 Nf8 25. Qd3 Rac8 26. Rdc2 Rxc2 27. Rxc2 Nxg4 28. Qf3 Nxe5 29. Qf4 Qb8 30. Qe3 h6 31. Nh3 Ng4 0-1


[Site "https://www.chess.com"]

[Event "Titled Tuesday Blitz October 31 Early 2023"]
[White "Feliz Dotel, Dewar Bienvenido"]
[Black "Smirnov, Timofey"]
[WhiteFideId "6402801"]
[BlackFideId "24176427"]
[WhiteElo "2139"]
[BlackElo "2318"]
[Result "1/2-1/2"]
[Round "6"]
[TimeControl "180+1"]
[Date "2023.10.31"]
[WhiteClock "0:00:31"]
[BlackClock "0:00:13"]
[Board "149"]

1. d4 d5 2. e3 Nf6 3. Nf3 Bf5 4. c4 e6 5. Bd3 Bg6 6. O-O c6 7. b3 Bd6 8. Ba3 Bxa3 9. Nxa3 O-O 10. cxd5 exd5 11. Bxg6 hxg6 12. Nb1 Nbd7 13. Nc3 a5 14. a3 Re8 15. b4 axb4 16. axb4 Qb6 17. Rb1 Ra3 18. Qc1 Rea8 19. b5 Qa5 20. bxc6 Rxc3 21. cxb7 Rxc1 22. bxa8=Q+ Qxa8 23. Rfxc1 Ne4 24. Rc2 Qa4 25. Rbc1 Nb6 26. Ne5 Nc4 27. Nxc4 dxc4 28. Rxc4 Qa3 29. h3 Nd2 30. Rc8+ Kh7 31. R1c2 Qa1+ 32. Rc1 Qa6 33. R8c6 Qe2 34. R6c2 Qd3 35. Rc3 Qe2 36. R3c2 Qd3 37. Rc3 Qe2 38. R3c2 1/2-1/2


[Site "https://www.chess.com"]

[Event "Titled Tuesday Blitz October 31 Early 2023"]
[White "Der_Balak_3Halak"]
[Black "Guevara Sanchez, Erick Marvin"]
[BlackFideId "6700136"]
[WhiteElo "2315"]
[BlackElo "2126"]
[Result "0-1"]
[Round "6"]
[TimeControl "180+1"]
[Date "2023.10.31"]
[WhiteClock "0:00:18"]
[BlackClock "0:00:05"]
[Board "150"]

1. d4 Nf6 2. c4 e6 3. Nf3 Bb4+ 4. Bd2 Qe7 5. c5 Bxd2+ 6. Qxd2 d5 7. b4 c6 8. Nc3 Bd7 9. e3 O-O 10. Bd3 Na6 11. Rb1 Nc7 12. a4 a6 13. O-O h6 14. Ne5 Be8 15. Rb2 Nd7 16. Nf3 e5 17. Rfb1 e4 18. Be2 exf3 19. gxf3 Qg5+ 20. Kh1 Nf6 21. Rg1 Qh4 22. Bd3 Bd7 23. f4 Ng4 24. f3 Nf6 25. Qg2 Nh5 26. Nd1 Bh3 27. Qe2 Ne6 28. Nf2 Rae8 29. Ng4 Bxg4 30. Rxg4 Qh3 31. Qf2 f5 32. Rg6 Nhxf4 33. Bf1 Qh5 34. Rg3 Ng6 35. f4 Ne7 36. Qg2 Qf7 37. Be2 Kh8 38. Rb1 Ng8 39. b5 axb5 40. axb5 Nf6 41. bxc6 bxc6 42. Rg1 Ne4 43. Rg6 Re7 44. Bh5 Qg8 45. Qa2 Nc3 46. Qa6 Ne4 47. Rxh6+ gxh6 48. Rxg8+ Rxg8 49. Qxc6 Nf2# 0-1


[Site "https://www.chess.com"]

[Event "Titled Tuesday Blitz October 31 Early 2023"]
[White "Matthes, Aaron"]
[Black "Silvestre, Christian"]
[WhiteFideId "16227310"]
[BlackFideId "30956269"]
[WhiteElo "2301"]
[BlackElo "2097"]
[Result "1-0"]
[Round "6"]
[TimeControl "180+1"]
[Date "2023.10.31"]
[WhiteClock "0:00:23"]
[BlackClock "0:00:08"]
[Board "151"]

1. Nf3 g6 2. e3 Bg7 3. d4 Nf6 4. b4 O-O 5. Bb2 b6 6. c4 Bb7 7. Be2 e6 8. O-O d5 9. c5 bxc5 10. bxc5 Ba6 11. Bxa6 Nxa6 12. Qa4 Nb8 13. Ne5 Nfd7 14. Nxd7 Qxd7 15. Qxd7 Nxd7 16. Ba3 Nb8 17. Nd2 Nc6 18. f4 h5 19. Rab1 Rfb8 20. Nf3 Rxb1 21. Rxb1 Rb8 22. Rxb8+ Nxb8 23. Kf2 Kf8 24. Ke2 Ke7 25. Kd3 Bf6 26. Bb4 Kd7 27. Be1 Nc6 28. Kc3 Na5 29. Bh4 Bxh4 30. Nxh4 Nc4 31. Kd3 Nb2+ 32. Ke2 Na4 33. Kd2 Nb2 34. Nf3 Nc4+ 35. Kd3 Ke7 36. Ke2 Kd7 37. Ne1 Kc6 38. Nd3 Kb5 39. Nc1 Kb4 40. Kd3 a5 41. Ne2 a4 42. Nc3 c6 43. e4 dxe4+ 44. Nxe4 Nb2+ 45. Kc2 Nc4 46. Nd6 Ne3+ 47. Kd3 Nxg2 48. Nxf7 Nxf4+ 49. Ke4 Nd5 50. Nd8 Ka3 51. Nxc6 Kxa2 52. Ke5 Kb2 53. Kxe6 a3 54. Kxd5 a2 55. Ne7 a1=Q 56. c6 Qa2+ 57. Kd6 Qa3+ 58. Kd7 Qa7+ 59. c7 Qxd4+ 60. Ke8 Qa4+ 61. Kd8 Qd4+ 62. Ke8 Qh8+ 63. Kd7 Qd4+ 64. Kc6 Qe4+ 65. Kd6 Qd3+ 66. Nd5 Qc2 67. Kd7 Qf5+ 68. Kd6 Qc8 69. Ne7 Qa6+ 70. Kd7 Qb5+ 71. Kd8 Qd3+ 72. Ke8 Qb5+ 73. Kf8 Qf1+ 74. Kg7 Qc4 75. c8=Q Qxc8 76. Nxc8 g5 77. Kg6 g4 78. Kxh5 1-0


[Site "https://www.chess.com"]

[Event "Titled Tuesday Blitz October 31 Early 2023"]
[White "Schut, Han"]
[Black "Levine, David"]
[WhiteFideId "1005561"]
[BlackFideId "2011611"]
[WhiteElo "2297"]
[BlackElo "2067"]
[Result "0-1"]
[Round "6"]
[TimeControl "180+1"]
[Date "2023.10.31"]
[WhiteClock "0:00:00"]
[BlackClock "0:00:21"]
[Board "152"]

1. e4 e5 2. Nf3 Nc6 3. Bc4 Nf6 4. d4 exd4 5. e5 d5 6. Bb5 Ne4 7. Nxd4 Bc5 8. Be3 Bd7 9. Bxc6 bxc6 10. O-O Bb6 11. f3 Ng5 12. f4 Ne4 13. Nd2 Nxd2 14. Qxd2 c5 15. Nf3 d4 16. Bf2 Bf5 17. a4 a5 18. Nh4 Be4 19. Rae1 Bd5 20. b3 O-O 21. f5 Re8 22. Bg3 c4 23. f6 gxf6 24. exf6 Rxe1 25. Qg5+ Kf8 26. Rxe1 Be6 27. Nf5 d3+ 28. Kh1 Ke8 29. Ng7+ Kd7 30. Nxe6 fxe6 31. cxd3 cxb3 32. Qg7+ Kc8 33. f7 Kb7 34. Rxe6 Qxd3 35. Rxb6+ Kxb6 36. Bf2+ Kb7 37. f8=Q Qf1+ 38. Bg1 Qxf8 39. Qxh7 b2 40. Qe4+ c6 0-1


[Site "https://www.chess.com"]

[Event "Titled Tuesday Blitz October 31 Early 2023"]
[White "Ghosh, Chanchal Kumer"]
[Black "Novikova, Anna"]
[WhiteFideId "10201858"]
[BlackFideId "4146794"]
[WhiteElo "1965"]
[BlackElo "2286"]
[Result "0-1"]
[Round "6"]
[TimeControl "180+1"]
[Date "2023.10.31"]
[WhiteClock "0:00:00"]
[BlackClock "0:00:19"]
[Board "154"]

1. e4 e5 2. Nf3 Nc6 3. Bc4 Nf6 4. Ng5 d5 5. exd5 Na5 6. Bb5+ c6 7. dxc6 bxc6 8. Qf3 Be7 9. Bxc6+ Nxc6 10. Qxc6+ Bd7 11. Qc4 O-O 12. Nc3 h6 13. Nf3 Rc8 14. Qd3 Bc5 15. O-O Re8 16. Re1 Qb6 17. Re2 Bg4 18. Ne4 Nh5 19. Nxc5 Qxc5 20. Qc3 Nf4 21. Re3 Qd5 22. Qb3 Bxf3 23. Rxf3 Qe4 24. Qe3 Qxc2 25. Qe1 Nd3 26. Qf1 e4 27. Re3 Nxc1 28. Rc3 Rxc3 29. dxc3 Ne2+ 30. Kh1 Nf4 31. Rb1 Nd3 32. Kg1 Re6 0-1


[Site "https://www.chess.com"]

[Event "Titled Tuesday Blitz October 31 Early 2023"]
[White "Lohani, Sujana"]
[Black "Goh, Zi Han"]
[WhiteFideId "12311987"]
[BlackFideId "5819156"]
[WhiteElo "1963"]
[BlackElo "2279"]
[Result "1-0"]
[Round "6"]
[TimeControl "180+1"]
[Date "2023.10.31"]
[WhiteClock "0:00:17"]
[BlackClock "0:00:12"]
[Board "155"]

1. d4 d5 2. Nf3 Nf6 3. c4 c6 4. e3 e6 5. Nc3 Nbd7 6. Bd2 Bd6 7. Bd3 O-O 8. Qc2 dxc4 9. Bxc4 b5 10. Bd3 Bb7 11. e4 e5 12. dxe5 Nxe5 13. Nxe5 Bxe5 14. O-O Qb6 15. Rad1 Rad8 16. Be3 Bd4 17. Bxd4 Rxd4 18. e5 Ng4 19. Bxh7+ Kh8 20. Qf5 Nh6 21. Qc2 Ng4 22. Qf5 Nh6 23. Qc2 g6 24. Bxg6 fxg6 25. Qxg6 c5 26. e6 Rh4 27. Nd5 Bxd5 28. Rxd5 Qb7 29. Rd7 Rg4 30. Qh7# 1-0


[Site "https://www.chess.com"]

[Event "Titled Tuesday Blitz October 31 Early 2023"]
[White "Nekoo04"]
[Black "Mirza, Diana"]
[BlackFideId "2503999"]
[WhiteElo "2278"]
[BlackElo "1952"]
[Result "1-0"]
[Round "6"]
[TimeControl "180+1"]
[Date "2023.10.31"]
[WhiteClock "0:00:12"]
[BlackClock "0:00:19"]
[Board "156"]

1. d4 Nf6 2. Nf3 g6 3. c4 Bg7 4. Nc3 d6 5. e4 O-O 6. Be2 e5 7. d5 Nbd7 8. O-O Nh5 9. g3 f5 10. exf5 gxf5 11. Nxe5 Nxe5 12. Bxh5 Nxc4 13. Be2 Ne5 14. h4 f4 15. Bxf4 Rxf4 16. gxf4 Ng6 17. Bg4 Qxh4 18. Bxc8 Rxc8 19. Qf3 Nxf4 20. Rfe1 Rf8 21. Re4 Be5 22. Rd1 Kh8 23. Rde1 Rg8+ 24. Kf1 Qh2 25. Rxf4 Rg1+ 26. Ke2 Bxf4 27. Rxg1 Qxg1 28. Qxf4 Qg7 29. Kd2 h5 30. Kc2 Qg6+ 31. Kb3 Qd3 32. Qf8+ Kh7 33. Qe7+ Kg6 34. Qxc7 Qxd5+ 35. Nxd5 Kf5 36. Qxd6 Ke4 37. Nc3+ Kf3 38. Qf6+ Kg2 39. Qg5+ Kxf2 40. Qxh5 Ke3 41. Qf7 Kd4 42. Qxb7 Kc5 43. Qxa7+ Kd6 44. Qb7 Kc5 45. a4 Kd6 46. a5 Kc5 47. a6 Kd4 48. a7 Kc5 49. a8=Q Kd4 50. Qe4+ 1-0


[Site "https://www.chess.com"]

[Event "Titled Tuesday Blitz October 31 Early 2023"]
[White "Desideri, Ricardo Maruchi"]
[Black "Ng, Gary"]
[WhiteFideId "2110440"]
[BlackFideId "2604914"]
[WhiteElo "1948"]
[BlackElo "2268"]
[Result "0-1"]
[Round "6"]
[TimeControl "180+1"]
[Date "2023.10.31"]
[WhiteClock "0:00:00"]
[BlackClock "0:00:36"]
[Board "157"]

1. e4 c5 2. Nf3 a6 3. d4 cxd4 4. Nxd4 Nf6 5. Bd3 Nc6 6. Be3 Qb6 7. Nb3 Qc7 8. Nc3 e6 9. a3 Be7 10. f4 d6 11. g4 O-O 12. g5 Nd7 13. Qe2 b5 14. O-O-O b4 15. axb4 Nxb4 16. Kb1 Nc5 17. Bc4 Bb7 18. Nxc5 dxc5 19. Rhg1 Rfd8 20. f5 Rxd1+ 21. Qxd1 Rd8 22. Qe2 exf5 23. exf5 Qe5 24. f6 Bf8 25. fxg7 Bxg7 26. Bc1 Nd5 27. Nxd5 Bxd5 28. Qxe5 Bxe5 29. Rd1 Bd4 30. c3 Bxc4 31. cxd4 cxd4 32. Be3 d3 33. Rd2 Re8 0-1


[Site "https://www.chess.com"]

[Event "Titled Tuesday Blitz October 31 Early 2023"]
[White "Sarkar, Justin"]
[Black "ssgm49"]
[WhiteFideId "2010011"]
[WhiteElo "2264"]
[BlackElo "1811"]
[Result "0-1"]
[Round "6"]
[TimeControl "180+1"]
[Date "2023.10.31"]
[WhiteClock "0:00:00"]
[BlackClock "0:00:37"]
[Board "158"]

1. e4 e5 2. Nf3 Nc6 3. Bc4 Nf6 4. Ng5 d5 5. exd5 Na5 6. b3 Nxc4 7. bxc4 h6 8. Nf3 e4 9. Qe2 Bd6 10. Bb2 O-O 11. Nd4 Re8 12. Nc3 Be5 13. Nb3 a5 14. a4 b6 15. h3 Ba6 16. O-O-O Nxd5 17. Nxd5 Bxb2+ 18. Kxb2 Qxd5 19. cxd5 Bxe2 20. Rde1 Bc4 21. d6 Bxb3 22. cxb3 cxd6 23. Rc1 Rab8 24. Rc6 b5 0-1


[Site "https://www.chess.com"]

[Event "Titled Tuesday Blitz October 31 Early 2023"]
[White "hsd2016"]
[Black "Skiadopoulos, Nikolaos"]
[BlackFideId "4200772"]
[WhiteElo "2261"]
[BlackElo "1794"]
[Result "1-0"]
[Round "6"]
[TimeControl "180+1"]
[Date "2023.10.31"]
[WhiteClock "0:00:03"]
[BlackClock "0:00:17"]
[Board "159"]

1. e4 c5 2. c4 a6 3. Nc3 e6 4. g3 d6 5. Bg2 Nc6 6. Nge2 Be7 7. O-O Nf6 8. d3 O-O 9. h3 Bd7 10. Kh2 Rb8 11. f4 b5 12. b3 b4 13. Nb1 Ne8 14. Nd2 Bf6 15. Rb1 Nd4 16. Nxd4 Bxd4 17. Nf3 Bf6 18. Be3 Bc6 19. Qd2 Be7 20. Rbe1 a5 21. g4 a4 22. f5 Qc7 23. Bf4 e5 24. Be3 axb3 25. axb3 Ra8 26. Ra1 Nf6 27. g5 Nh5 28. Nh4 Nf4 29. f6 gxf6 30. gxf6 Bxf6 31. Nf5 Kh8 32. Rxa8 Rxa8 33. Bf3 Rg8 34. Bxf4 exf4 35. Rg1 Be5 36. Rxg8+ Kxg8 37. Qg2+ Kf8 38. Qg5 Qa7 39. Qd8+ Be8 40. h4 Qa2+ 41. Kh3 Qf2 42. Qe7+ Kg8 43. Qxe8# 1-0


[Site "https://www.chess.com"]

[Event "Titled Tuesday Blitz October 31 Early 2023"]
[White "IsaqueGoncalvesSanto"]
[Black "Todorovic, Bojan"]
[BlackFideId "917087"]
[WhiteElo "1801"]
[BlackElo "2415"]
[Result "0-1"]
[Round "6"]
[TimeControl "180+1"]
[Date "2023.10.31"]
[WhiteClock "0:00:00"]
[BlackClock "0:00:16"]
[Board "160"]

1. d4 Nf6 2. c4 g6 3. Nc3 Bg7 4. e4 O-O 5. f3 d6 6. Be3 Nc6 7. Qd2 a6 8. g4 Rb8 9. h4 h5 10. g5 Nd7 11. f4 e6 12. d5 exd5 13. cxd5 Ne7 14. Ba7 Ra8 15. Bd4 Bxd4 16. Qxd4 Re8 17. O-O-O Nc5 18. b4 Nd7 19. Nge2 Nb6 20. Ng3 Bg4 21. Be2 Bxe2 22. Ncxe2 c6 23. dxc6 Nxc6 24. Qb2 Nc4 25. Qc3 Rc8 26. Kb1 Na7 27. f5 Nb5 28. Qf3 Nba3+ 29. Ka1 Nc2+ 30. Kb1 Nxb4 31. f6 Qb6 32. Qb3 Na5 33. Qb2 Rc2 34. Qxc2 Nxc2+ 35. Kxc2 Qb4 36. Rb1 Rc8+ 0-1


[Site "https://www.chess.com"]

[Event "Titled Tuesday Blitz October 31 Early 2023"]
[White "Vifleemskaia, Svetlana"]
[Black "Viskelis, Darius"]
[WhiteFideId "4129490"]
[BlackFideId "12800830"]
[WhiteElo "2248"]
[BlackElo "2318"]
[Result "1/2-1/2"]
[Round "6"]
[TimeControl "180+1"]
[Date "2023.10.31"]
[WhiteClock "0:00:12"]
[BlackClock "0:00:09"]
[Board "161"]

1. d4 d5 2. c4 e6 3. Nc3 c5 4. cxd5 cxd4 5. Qxd4 Nc6 6. Qa4 exd5 7. e3 d4 8. exd4 Qxd4 9. Qxd4 Nxd4 10. Bd3 Bf5 11. Bxf5 Nxf5 12. Nf3 Nf6 13. O-O O-O-O 14. Bg5 Be7 15. Ne5 Rhf8 16. g4 Nd4 17. f3 h6 18. Bf4 Nd5 19. Nxd5 Rxd5 20. Rac1+ Kd8 21. Kf2 Bg5 22. Bg3 Bxc1 23. Rxc1 f6 24. Ng6 Re8 25. Nf4 Rd7 26. h4 Nc6 27. Rc2 g5 28. Ne2 Nd4 29. Nxd4 Rxd4 30. hxg5 hxg5 31. Bc7+ Kd7 32. Ba5 Rc8 33. Bc3 Rd6 34. Re2 Re6 35. Rd2+ Ke7 36. Rd1 b5 37. Bb4+ Ke8 38. Bc3 a6 39. Rh1 Kd7 40. Rh7+ Kd6 41. Rf7 Kd5 42. Bxf6 Rc2+ 43. Kg3 Ree2 44. Bxg5 Rxb2 45. a3 Ra2 46. Rd7+ Kc6 47. Rd3 Rg2+ 48. Kf4 a5 49. Be7 a4 50. g5 Rab2 51. Kf5 Rb3 52. Rd6+ Kc7 53. Rd5 Rxf3+ 54. Kg6 Rb3 55. Bb4 Kc6 56. Rd6+ Kc7 57. Rd5 Kc6 58. Rd6+ Kc7 59. Rd5 1/2-1/2


[Site "https://www.chess.com"]

[Event "Titled Tuesday Blitz October 31 Early 2023"]
[White "ivana_999"]
[Black "Zaichenko, Daria"]
[BlackFideId "4197453"]
[WhiteElo "2029"]
[BlackElo "2248"]
[Result "1-0"]
[Round "6"]
[TimeControl "180+1"]
[Date "2023.10.31"]
[WhiteClock "0:00:13"]
[BlackClock "0:00:22"]
[Board "162"]

1. d4 d5 2. c4 e6 3. Nc3 Be7 4. Nf3 Nf6 5. Bg5 O-O 6. e3 Ne4 7. Nxe4 dxe4 8. Bxe7 Qxe7 9. Nd2 f5 10. Be2 c5 11. d5 exd5 12. cxd5 Nd7 13. Qb3 Ne5 14. Nc4 Nxc4 15. Bxc4 Qd6 16. Rd1 b6 17. Bb5 Bb7 18. Bc6 Ba6 19. Bxa8 Rxa8 20. Qc3 Bd3 21. Rxd3 exd3 22. Qxd3 Qe5 23. O-O Rd8 24. Rd1 g6 25. Qc3 Qxc3 26. bxc3 c4 27. Kf1 Kf7 28. a4 Re8 29. Rd4 Rc8 30. Ke2 Ke7 31. d6+ Ke6 32. f3 a6 33. e4 fxe4 34. fxe4 b5 35. axb5 axb5 36. Rd5 Rd8 37. Rxb5 Rxd6 38. Rc5 Ra6 39. Rxc4 Ra2+ 40. Kf3 Ke5 41. Rc5+ Kd6 42. Rd5+ Ke6 43. c4 Ra3+ 44. Ke2 Ra2+ 45. Rd2 Ra4 46. Rc2 Ke5 47. Kd3 Ra3+ 48. Rc3 Ra2 49. c5 Ra8 50. c6 Rd8+ 51. Ke3 Rc8 52. c7 1-0


[Site "https://www.chess.com"]

[Event "Titled Tuesday Blitz October 31 Early 2023"]
[White "Ferrufino, Boris"]
[Black "Garrido Dominguez, Jesus"]
[WhiteFideId "3300170"]
[BlackFideId "2254174"]
[WhiteElo "2171"]
[BlackElo "2609"]
[Result "0-1"]
[Round "6"]
[TimeControl "180+1"]
[Date "2023.10.31"]
[WhiteClock "0:01:19"]
[BlackClock "0:01:20"]
[Board "163"]

1. e4 d6 2. d4 Nf6 3. Nc3 e5 4. Nf3 Nbd7 5. h3 c6 6. Be3 b5 7. Bd3 Be7 8. Ne2 O-O 9. Ng3 a6 10. c3 Re8 11. O-O Bf8 12. Re1 g6 13. Qd2 Qc7 14. Rad1 Bg7 15. Bb1 Nb6 16. b3 Bb7 17. Bh6 Bh8 18. h4 Rad8 19. h5 c5 20. d5 Bc8 21. hxg6 fxg6 22. Ng5 Ng4 23. Ne6 Bxe6 24. dxe6 Nxh6 25. Qxh6 Rxe6 26. Re3 Rf8 27. a4 Qe7 28. axb5 axb5 29. Bd3 Rf4 30. Re2 Bg7 31. Qh3 Rh4 32. Nf5 gxf5 33. Qxf5 c4 34. bxc4 bxc4 35. Bc2 Rf4 36. Qh3 Rh6 37. Qe3 Rfh4 38. f3 Rh1+ 39. Kf2 Qh4+ 0-1


[Site "https://www.chess.com"]

[Event "Titled Tuesday Blitz October 31 Early 2023"]
[White "Baches Garcia, Guillermo"]
[Black "campochess"]
[WhiteFideId "2209764"]
[WhiteElo "2504"]
[BlackElo "2181"]
[Result "1-0"]
[Round "6"]
[TimeControl "180+1"]
[Date "2023.10.31"]
[WhiteClock "0:02:01"]
[BlackClock "0:02:03"]
[Board "164"]

1. d4 Nf6 2. Nf3 g6 3. Bg5 Bg7 4. Nbd2 d5 5. e3 c6 6. Be2 O-O 7. O-O Nbd7 8. c3 Re8 9. Bh4 Nf8 10. Ne5 Ne6 11. f4 Nc7 12. Bd3 Ng4 13. Nxg4 f6 14. b4 Qd6 15. a4 e5 16. fxe5 fxe5 17. Nf6+ Bxf6 18. Rxf6 Qd7 19. Bxg6 Qg7 20. Bxe8 Nxe8 1-0


[Site "https://www.chess.com"]

[Event "Titled Tuesday Blitz October 31 Early 2023"]
[White "Pinales Roussel, Gabriel"]
[Black "whiteglovethief"]
[WhiteFideId "3101762"]
[WhiteElo "2178"]
[BlackElo "2460"]
[Result "0-1"]
[Round "6"]
[TimeControl "180+1"]
[Date "2023.10.31"]
[WhiteClock "0:00:27"]
[BlackClock "0:01:26"]
[Board "165"]

1. d4 Nf6 2. c4 c5 3. d5 b5 4. cxb5 a6 5. bxa6 g6 6. Nc3 Bg7 7. e4 O-O 8. Nf3 d6 9. Bd3 Bxa6 10. O-O Qa5 11. Bxa6 Nxa6 12. Bd2 Qb4 13. Qc2 Rfb8 14. Rab1 Qc4 15. b3 Nb4 16. bxc4 Nxc2 17. e5 Ng4 18. exd6 exd6 19. Nb5 Rd8 20. Bf4 Ne5 21. Nxe5 dxe5 22. Bg5 f6 23. Be3 Rxa2 24. Bxc5 Rc8 25. Be7 Rxc4 26. d6 Bf8 27. Nc7 Nb4 28. Ra1 Kf7 29. Rxa2 Nxa2 30. Bxf8 Kxf8 31. Ne6+ Ke8 32. d7+ Kxd7 33. Nf8+ Ke7 34. Nxh7 Kf7 35. h4 Kg7 0-1


[Site "https://www.chess.com"]

[Event "Titled Tuesday Blitz October 31 Early 2023"]
[White "chess_blitz00"]
[Black "Floresvillar Gonzalez, Luis Migu"]
[BlackFideId "5100542"]
[WhiteElo "2446"]
[BlackElo "2168"]
[Result "1-0"]
[Round "6"]
[TimeControl "180+1"]
[Date "2023.10.31"]
[WhiteClock "0:00:13"]
[BlackClock "0:00:19"]
[Board "166"]

1. d4 Nf6 2. c4 e5 3. dxe5 Ng4 4. Nf3 Bc5 5. e3 Nc6 6. Qd5 Qe7 7. Nc3 O-O 8. Nb5 Nb4 9. Qd1 c6 10. Nc7 Rb8 11. a3 Na6 12. Nxa6 bxa6 13. b4 Bb6 14. c5 Bc7 15. Bb2 Nxe5 16. Nxe5 Bxe5 17. Bxe5 Qxe5 18. Qd4 Qg5 19. h4 Qe7 20. Bc4 a5 21. h5 h6 22. Rh3 axb4 23. Rg3 g5 24. hxg6 d5 25. cxd6 Qg5 26. gxf7+ Kh7 27. Rxg5 hxg5 28. Qe4+ Kg7 29. Qe5+ Kg6 30. Bd3+ Kh5 31. Kd2 1-0


[Site "https://www.chess.com"]

[Event "Titled Tuesday Blitz October 31 Early 2023"]
[White "Prieto Aranguren, Alain"]
[Black "kingapolak"]
[WhiteFideId "2268906"]
[WhiteElo "2397"]
[BlackElo "2158"]
[Result "1-0"]
[Round "6"]
[TimeControl "180+1"]
[Date "2023.10.31"]
[WhiteClock "0:00:45"]
[BlackClock "0:00:00"]
[Board "167"]

1. e4 c5 2. Nc3 Nc6 3. g3 g6 4. Bg2 Bg7 5. d3 e6 6. Be3 d6 7. Nge2 Nge7 8. d4 cxd4 9. Nxd4 O-O 10. O-O a6 11. Qd2 Qc7 12. Rfd1 Rd8 13. Na4 b5 14. Nxc6 Qxc6 15. Nb6 Rb8 16. Nxc8 Rbxc8 17. c3 d5 18. Bg5 f6 19. exd5 Nxd5 20. Be3 Qc7 21. Qe2 Nxe3 22. Qxe3 e5 23. h4 f5 24. h5 e4 25. Qg5 Kf7 26. hxg6+ hxg6 27. Bf1 Bf6 28. Qe3 Rh8 29. c4 b4 30. c5 Qxc5 31. Rd7+ Kf8 32. Qb3 1-0


[Site "https://www.chess.com"]

[Event "Titled Tuesday Blitz October 31 Early 2023"]
[White "Fernandez Hernandez, Gerardo"]
[Black "Stanojevic, Ilija"]
[WhiteFideId "2207400"]
[BlackFideId "959995"]
[WhiteElo "2145"]
[BlackElo "2393"]
[Result "1-0"]
[Round "6"]
[TimeControl "180+1"]
[Date "2023.10.31"]
[WhiteClock "0:00:57"]
[BlackClock "0:00:56"]
[Board "168"]

1. e4 d6 2. d4 Nf6 3. Nc3 Nbd7 4. g4 h6 5. h3 e5 6. Be3 c6 7. Nge2 b5 8. Ng3 b4 9. Nce2 d5 10. Bg2 exd4 11. Nxd4 Bb7 12. O-O c5 13. Ndf5 g6 14. exd5 gxf5 15. Nxf5 Qb6 16. Re1 O-O-O 17. a3 Ne5 18. axb4 Nc4 19. bxc5 Bxc5 20. Bd4 Bf8 21. Bxb6 Bc5 22. Bxc5 1-0


[Site "https://www.chess.com"]

[Event "Titled Tuesday Blitz October 31 Early 2023"]
[White "dontcatchmeifyoucant"]
[Black "Sargissyan, Sargis"]
[BlackFideId "13303210"]
[WhiteElo "2084"]
[BlackElo "2381"]
[Result "0-1"]
[Round "6"]
[TimeControl "180+1"]
[Date "2023.10.31"]
[WhiteClock "0:00:04"]
[BlackClock "0:00:17"]
[Board "170"]

1. d4 Nf6 2. Nf3 g6 3. g3 Bg7 4. Bg2 O-O 5. O-O d5 6. c4 dxc4 7. Ne5 c5 8. dxc5 Nfd7 9. Nxc4 Nxc5 10. Nc3 Nc6 11. Be3 Nd4 12. Qd2 Be6 13. Rad1 Bxc4 14. Bxd4 Bxd4 15. Qxd4 Qxd4 16. Rxd4 Ba6 17. Rfd1 Rac8 18. Nd5 Rfe8 19. Rc1 Kf8 20. Rd2 Ne6 21. Nc3 Red8 22. Rcd1 Rxd2 23. Rxd2 Ke8 24. Kf1 Rd8 25. Ke1 Nd4 26. e3 Nf5 27. Rxd8+ Kxd8 28. Kd2 Nd6 29. b3 e6 30. h4 h5 31. Na4 Kc7 32. Nc5 Bb5 33. Kc3 b6 34. Nd3 Bc6 35. Bxc6 Kxc6 36. Ne5+ Kd5 37. Nxf7 Nxf7 38. Kd3 Ne5+ 39. Ke2 Ke4 40. f4 Ng4 41. Kd2 Nxe3 42. Ke2 Nf5 43. Kf2 Nxg3 44. Kxg3 Ke3 45. a3 b5 46. a4 bxa4 47. bxa4 a5 48. Kg2 Kxf4 49. Kf2 e5 50. Ke2 Kg4 51. Ke3 Kxh4 52. Ke4 Kg3 53. Kxe5 h4 54. Kd5 h3 55. Kc5 h2 56. Kb5 h1=Q 57. Kxa5 Qa8+ 58. Kb5 Kf4 0-1


[Site "https://www.chess.com"]

[Event "Titled Tuesday Blitz October 31 Early 2023"]
[White "leonidsh29"]
[Black "jm_gutierrez"]
[WhiteElo "2041"]
[BlackElo "2379"]
[Result "0-1"]
[Round "6"]
[TimeControl "180+1"]
[Date "2023.10.31"]
[WhiteClock "0:00:00"]
[BlackClock "0:00:06"]
[Board "171"]

1. d4 d6 2. e4 Nf6 3. Nc3 g6 4. Nf3 Bg7 5. Be2 O-O 6. h3 c6 7. Be3 b5 8. a3 Nbd7 9. Qd2 Qc7 10. Bh6 e5 11. Bxg7 Kxg7 12. O-O Re8 13. dxe5 dxe5 14. Rad1 Nc5 15. Qe3 Ne6 16. Rd2 Nf4 17. Rfd1 Be6 18. Bf1 Nd7 19. Kh2 Nb6 20. g3 Nh5 21. b3 Nf6 22. Ng5 h6 23. Nf3 Rad8 24. Qc5 Rxd2 25. Rxd2 Nbd7 26. Qe3 a6 27. Qd3 Rc8 28. Qd6 Qxd6 29. Rxd6 Kf8 30. Rd1 Ke7 31. Kg2 Ne8 32. g4 f6 33. Be2 Nd6 34. Nd2 Bf7 35. Ra1 Nc5 36. f3 Ne6 37. Bd3 Nf4+ 38. Kg3 h5 39. Ne2 Nxd3 40. cxd3 Rh8 41. Rc1 Kd7 42. Nf1 hxg4 43. fxg4 Bxb3 44. Nd2 Be6 45. Nf3 g5 46. Nd2 Rc8 47. Nf1 c5 48. Ne3 c4 49. dxc4 bxc4 50. Nc3 Rb8 51. Kf3 Rb3 52. a4 Ra3 53. Rc2 Nb7 54. Ke2 Nc5 55. Kd2 Nxa4 56. Ra2 Rxa2+ 57. Nxa2 Nc5 58. Nc3 Kd6 59. Kc2 Kc6 60. Kd2 a5 61. Ncd5 Bxd5 62. Nxd5 Nxe4+ 0-1


[Site "https://www.chess.com"]